 Dungeon Crawl Stone Soup version 0.16-a0-3435-g7c2a80c (webtiles) character file.

219 Minkie the Ducker (level 5, -2/54 HPs)
             Began as a High Elf Warper on Dec 31, 2014.
             Slain by a centaur (6 damage)
             ... on level 3 of the Dungeon.
             The game lasted 00:13:50 (5049 turns).

Minkie the Ducker (High Elf Warper)                 Turns: 5049, Time: 00:13:50

Health: -2/54      AC: 22    Str: 10    XL:     5   Next: 63%
Magic:  12/12      EV:  2    Int: 22    God:
Gold:   144        SH:  0    Dex: 15    Spells: 1 memorised, 7 levels left

rFire  . . .     SeeInvis .     a - +0 falchion
rCold  . . .     Clarity  .     r - melded +0 chain mail
rNeg   + + +     SustAb   .     (no shield)
rPois  +         Gourm    .     l - melded +0 helmet
rElec  .         Spirit   .     (cloak currently unavailable)
rCorr  .         Warding  .     (gloves currently unavailable)
rMut   .         NoTele   +     (boots currently unavailable)
MR     .....                    (no amulet)
Stlth  +.........               (no ring)
                                (no ring)

@: brilliant, lethally poisoned, tree-form, not resistant to hostile
enchantments, very unstealthy
A: no striking features
a: no special abilities


You were on level 3 of the Dungeon.
You were not hungry.
You were a tree.
You visited 1 branch of the dungeon, and saw 4 of its levels.

You collected 144 gold pieces.

Inventory:

Hand weapons
 a - a +0 falchion (weapon)
Missiles
 e - 8 javelins (quivered)
Armour
 l - a +0 helmet (melded)
 r - a +0 chain mail (melded)
Scrolls
 b - a scroll of fog {unknown}
 d - 3 scrolls of blinking
 g - a scroll of noise {unknown}
 j - a scroll of enchant weapon {unknown}
 k - a scroll of remove curse
 m - a scroll of fear {unknown}
 o - 2 scrolls of teleportation {unknown}
 s - 7 scrolls of identify {unknown}
 t - a scroll of recharging {unknown}
 w - a scroll of magic mapping {unknown}
 x - a scroll of random uselessness {unknown}
Potions
 h - a potion of restore abilities
 q - a potion of invisibility
Books
 c - a book of Spatial Translocations

   Spells                             Type                      Level
   a - Apportation                    Translocation                1
   b - Blink                          Translocation                2
   c - Shroud of Golubria             Charms/Translocation         2
   d - Portal Projectile              Translocation                3
   e - Teleport Other                 Translocation                3
   f - Passage of Golubria            Translocation                4
Comestibles
 f - 5 bread rations
 i - a royal jelly
 v - 2 chunks of flesh


   Skills:
 + Level 3.6 Fighting
 - Level 2.4 Long Blades
 - Level 1.1 Throwing
 + Level 3.1 Armour
 + Level 4.1 Dodging
 - Level 2.4 Spellcasting
 - Level 3.2 Translocations


You had 7 spell levels left.
You knew the following spells:

 Your Spells              Type           Power        Failure   Level  Hunger
a - Apportation           Tloc           ####......   1%          1    None


Dungeon Overview and Level Annotations

Branches:
Dungeon (4/15)
 Temple: D:4-7

Altars:
Dithmenos
Okawaru
Trog


Message History

* * * LOW HITPOINT WARNING * * *
You feel sick.
The centaur unwields an uncursed shortbow.
The centaur hits you.
* * * LOW HITPOINT WARNING * * *
You barely miss the centaur.
* * * LOW HITPOINT WARNING * * *
You feel sick.
The centaur hits you but does no damage.
You hit the centaur but do no damage.
* * * LOW HITPOINT WARNING * * *
You feel sick.
The centaur hits you but does no damage.
The centaur barely misses you.
You completely miss the centaur.
* * * LOW HITPOINT WARNING * * *
You feel sick.
The centaur hits you but does no damage.
The centaur hits you.
You die...

#.....####.##....##.......
#.................#....###
########.................#....#
#........(..c.......#....###'##
#.#.....####........#.##.# #.#
#.....# #........#..#.# #.#
#.#.#.# #..(((...##.#.# #.#
#.c...# ######c####.#.###'####
#.....# #...♣...##.#..#......
#.#.#.# #...(...##.#..#....##
#.....# #.......'..#.......#
.....# #.......####.#.....#
#c#.#.# #.......# #(#.#.###
#.....# ######### #.#...#
#.....# #.##..# # . . #.##..# #
####.....####


You could see a centaur.

Vanquished Creatures
  A hound (D:4)
  A worker ant (D:4)
  7 adders
  4 gnolls
  2 giant mites (D:3)
  A worm (D:1)
  A giant gecko (D:4)
  3 oozes
  2 orcs (D:4)
  A ball python (D:3)
  3 bats
  4 giant cockroaches
  8 goblins
  8 hobgoblins
  6 kobolds
  A giant newt (D:2)
  4 rats
57 creatures vanquished.

Notes
Turn   | Place    | Note
--------------------------------------------------------------
     0 | D:1      | Minkie, the High Elf Warper, began the quest for the Orb.
     0 | D:1      | Reached XP level 1. HP: 14/14 MP: 4/4
    31 | D:1      | Reached skill level 1 in Armour
   600 | D:1      | Reached XP level 2. HP: 10/19 MP: 6/6
  1290 | D:2      | Reached XP level 3. HP: 17/25 MP: 8/8
  1571 | D:2      | Found an iron altar of Okawaru.
  1878 | D:2      | Reached XP level 4. HP: 24/30 MP: 11/11
  2140 | D:2      | Found a bloodstained altar of Trog.
  2676 | D:3      | Noticed a centaur
  3063 | D:4      | Found a shadowy altar of Dithmenos.
  3803 | D:4      | Reached XP level 5. HP: 26/36 MP: 12/12
  4562 | D:4      | Reached skill level 4 in Dodging
  5049 | D:3      | Slain by a centaur

Action                   |  1- 3 |  4- 6 || total
-------------------------+-------+-------++-------
Melee: Falchion          |    99 |   182 ||   281
  Use: Potion            |       |     6 ||     6
       Scroll            |       |     1 ||     1
  Eat: Chunk             |     3 |     6 ||     9
       Bread ration      |       |     1 ||     1
